 Dungeon Crawl Stone Soup version 0.14-a0-155-gd989017 (webtiles) character file.

100 4tharraofdagon the Firebug (level 3, 0/28 HPs)
             Began as a Djinni Fire Elementalist on Oct 5, 2013.
             Succumbed to poison (a potion of poison)
             ... on Level 3 of the Dungeon.
             The game lasted 00:02:54 (357 turns).

4tharraofdagon the Firebug (DjFE)                    Turns: 357, Time: 00:02:55

HP   0/28        AC  4     Str 13      XL: 3   Next: 33%
MP   0/0         EV 10     Int 16      God:
Gold 58          SH  7     Dex 13      Spells:  2 memorised,  4 levels left

Res.Fire  : + + +   See Invis. : .   m - +2,+0 whip
Res.Cold  : x . .   Warding    : .   e - +0 leather armour
Life Prot.: + + +   Conserve   : .   j - +0 buckler
Res.Poison: .       Res.Corr.  : .   (no helmet)
Res.Elec. : .       Clarity    : .   k - +0 cloak
Sust.Abil.: . .     Spirit.Shd : .   (no gloves)
Res.Mut.  : .       Stasis     : .   (boots unavailable)
Res.Rott. : .       Flight     : .   (no amulet)
Saprovore : . . .                    (no ring)
                                     (no ring)

@: mighty, mildly poisoned, not resistant to hostile enchantments, unstealthy
A: fire immunity, cold vulnerability, life protection 3
a: no special abilities


You were on level 3 of the Dungeon.
You were not hungry.

You visited 1 branch of the dungeon, and saw 3 of its levels.

You collected 38 gold pieces.

Inventory:

Hand weapons
 m - a +2,+0 whip (weapon)
Missiles
 g - 3 needles of frenzy
Armour
 a - a +0 robe
 e - a +0 leather armour (worn)
 j - a +0 buckler (worn)
 k - a +0 cloak (worn)
Scrolls
 f - a scroll of teleportation {unknown}
 h - a scroll of blinking {unknown}
 i - a scroll of fog {unknown}
Books
 b - a book of Flames

   Spells                             Type                      Level
   *Flame Tongue                      Conjuration/Fire             1
   Throw Flame                        Conjuration/Fire             2
   *Conjure Flame                     Conjuration/Fire             3
   Inner Flame                        Hexes/Fire                   3
   Sticky Flame                       Conjuration/Fire             4
   Fireball                           Conjuration/Fire             5


   Skills:
 + Level 2.4 Fighting
 - Level 1.7 Dodging
 - Level 1.5 Stealth
 * Level 0.4 Shields
 + Level 3.4 Spellcasting
 * Level 4.7 Conjurations
 * Level 7.0 Fire Magic


You had 4 spell levels left.
You knew the following spells:

 Your Spells              Type           Power        Failure   Level  Hunger
a - Flame Tongue          Conj/Fire      ###..        2%          1    None
b - Conjure Flame         Conj/Fire      ###.....     10%         3    ###....


Dungeon Overview and Level Annotations

Branches:
Dungeon (3/27)

Altars:


Innate Abilities, Weirdness & Mutations

You are immune to all types of fire, even holy and hellish.
You are vulnerable to cold.
You need no food.
You have no legs.
You are immune to negative energy.


Message History

Aiming: Flame Tongue
Press: ? - help, Shift-Dir - straight line, f/p - orc
Aim: an orc, wielding an orcish short sword, wearing an orcish ring mail and carrying a wand of magic darts {zapped: 4} (moderately wounded)
The flame hits the orc.
The orc appears unharmed.
The orc is moderately wounded.
Unknown command.
The orc zaps a wand.
The magic dart hits you!
* * * LOW HITPOINT WARNING * * *
Casting: Flame Tongue
Confirm with . or Enter, or press ? or * to list all spells.
Aiming: Flame Tongue
Press: ? - help, Shift-Dir - straight line, f/p - orc
Aim: an orc, wielding an orcish short sword, wearing an orcish ring mail and carrying a wand of magic darts {zapped: 5} (moderately wounded)
The flame hits the orc.
You kill the orc!
Unknown command.
Drink which item? (? for menu, Esc to quit)
That liquid tasted very nasty...
You are poisoned.
It was a potion of poison.
You die...

....# ....# #####
....#########...#######
..........(.(...%.....o.
....#########.)....o.##
....# #####...####.####
.[..# ......r.).o.......
##### #####...####.####
#...@....# #....$...#
............#
.######.##### ..# ###


You could see a rat.

Vanquished Creatures
  A gnoll (D:1)
  An adder (D:2)
  An orc (D:3)
  2 bats (D:1)
  A goblin (D:3)
  3 hobgoblins (D:1)
  2 kobolds
  A giant gecko (D:1)
  A giant newt (D:1)
  A rat (D:1)
14 creatures vanquished.

Notes
Turn   | Place    | Note
--------------------------------------------------------------
     0 | D:1      | 4tharraofdagon, the Djinni Fire Elementalist, began the quest for the Orb.
     0 | D:1      | Reached XP level 1. HP: 14/14 MP: 0/0
    11 | D:1      | Reached skill level 6 in Fire Magic
    11 | D:1      | Reached XP level 2. EP: 20/22
    62 | D:1      | Reached skill level 7 in Fire Magic
   183 | D:1      | Reached XP level 3. EP: 20/28
   188 | D:1      | Learned a level 3 spell: Conjure Flame
   357 | D:3      | Succumbed to poison (a potion of poison)

Action                   || total
-------------------------++-------
Melee: Unarmed           ||     6
       Whip              ||     2
 Cast: Flame Tongue      ||    22
  Use: Potion            ||     4
